Match 38933852
Unlisted

Match 38933852
End
Construct Barracks
Riflemen Squad
Selects Armored Battlegroup
Selects Veteran Crews
Riflemen Squad
M1 Mortar Team
Air Support Center
Construct Weapon Support Center
M1919 Machine Gun Team
Selects Fast Deploy
Construct Motor Pool
M3 Armored Personnel Carrier
Riflemen Squad
Grasshopper Recon Run
Selects Field Repairs
A_Smoove
The_Honey_Bear
99hour
Triple7
0
0

Comments sign in to comment!

No comments posted yet!